 Dungeon Crawl Stone Soup version 0.29-a0-542-g075992c915 (webtiles) character file.

Game seed: 7916658277499902898

208 croobank the Insei (level 5, 0/35 HPs)
             Began as an Octopode Transmuter on June 4, 2022.
             Was an Initiate of Hepliaklqana.
             Slain by a worm (5 damage)
             ... on level 4 of the Dungeon.
             The game lasted 00:13:55 (3038 turns).

croobank the Insei (Octopode Transmuter)            Turns: 3038, Time: 00:13:56

Health: 0/35       AC:  1    Str:  7 (9)  XL:     5   Next: 86%
Magic:  0/9        EV: 13    Int: 14 (17) God:    Hepliaklqana [......]
Gold:   140        SH:  0    Dex: 12 (13) Spells: 6/9 levels left

rFire   . . .      SeeInvis .     - Unarmed
rCold   . . .      Faith    .   b - orb {*Rage}
rNeg    + . .      Spirit   +   (helmet restricted)
rPois   .          Reflect  .   m - amulet of guardian spirit
rElec   .          Harm     .   k - ring of positive energy
rCorr   .          Rampage  .   (no ring)
Will    .....      Rage     20% (no ring)
Stlth   ++........              (no ring)
HPRegen 0.11/turn               (no ring)
MPRegen 0.11/turn               (no ring)
                                (no ring)
                                (no ring)

@: on berserk cooldown, flying, hasted and slowed, invisible
A: almost no armour, amphibious, 8 rings, camouflage 1, gelatinous body 1,
(nimble swimmer 1), tentacles
a: Renounce Religion


You were on level 4 of the Dungeon.
You worshipped Hepliaklqana.
Hepliaklqana was noncommittal.
You visited 1 branch of the dungeon, and saw 4 of its levels.

You collected 140 gold pieces.

Inventory:

Hand Weapons
 c - a +0 short sword
 i - a +0 dagger
 j - a +0 hand axe
 t - a +0 falchion
Missiles
 h - 129 stones
 l - 3 javelins
 u - 3 boomerangs
Armour
 b - an orb of wrath (worn)
Jewellery
 k - a ring of positive energy (left tentacle)
 m - an amulet of guardian spirit (around mantle)
Scrolls
 g - 4 scrolls of teleportation
 p - 2 scrolls of vulnerability {unknown}
 s - a scroll of magic mapping {unknown}
Potions
 a - a potion of lignification
 d - a potion of brilliance
 f - a potion of cancellation
 o - 3 potions of curing


   Skills:
 + Level 2.5 Fighting
 + Level 3.1 Dodging
 + Level 3.9 Unarmed Combat
 + Level 2.9 Spellcasting
 + Level 3.1 Transmutations


You had 6 spell levels left.
You knew the following spells:

 Your Spells              Type           Power      Damage    Failure   Level
a - Beastly Appendage     Tmut           20%        N/A       6%          1
b - Wereblood             Tmut           10%        N/A       9%          2

Your spell library contained the following spells:

 Spells                   Type           Power      Damage    Failure   Level
 Apportation              Tloc           4%         N/A       22%         1
 Spider Form              Tmut/Pois      6%         N/A       34%         3
 Ice Form                 Ice/Tmut       6%         N/A       75%         4
 Alistair's Intoxication  Tmut/Pois      4%         N/A       97%         5


Dungeon Overview and Level Annotations

Branches:
Dungeon (4/15)
 Temple: D:4-7

Altars:
Hepliaklqana

Shops:
D:1 [


Innate Abilities, Weirdness & Mutations

You cannot wear most types of armour.
You are amphibious.
You can wear up to eight rings at the same time.
Your skin changes colour to match your surroundings (Stealth+).
Your rubbery body absorbs attacks. (AC +1, EV +1)
((You are camouflaged when in or above water. (Stealth+)))
You have tentacles for arms and can constrict up to eight enemies at once.


Message History

The ufetubus hits you. The ufetubus misses you. The ufetubus barely misses you.
The ufetubus completely misses you.
You barely miss the ufetubus. Your grab misses the ufetubus.
Your squeeze misses the ufetubus.
The ufetubus is moderately wounded.
The ufetubus hits you. The ufetubus misses you. The ufetubus hits you.
The ufetubus closely misses you.
You completely miss the ufetubus. Your grab misses the ufetubus.
You squeeze the ufetubus, but do no damage.
The ufetubus is moderately wounded.
The ufetubus misses you. x2
A quokka comes into view.
The worm bites you! The ufetubus hits you.
* * * LOW HITPOINT WARNING * * *
The ufetubus misses you.
Okay, then.
It was a potion of degeneration.
There was something very wrong with that liquid.
You feel weakened.
You feel dopey.
You feel clumsy.
The ufetubus closely misses you. x2; The ufetubus hits you.
* * * LOW HITPOINT WARNING * * *
The ufetubus closely misses you. The worm barely misses you.
It was a potion of flight.
You feel very buoyant.
You fly up into the air.
The ufetubus hits you.
* * * LOW HITPOINT WARNING * * *
The ufetubus misses you. The ufetubus closely misses you.
The ufetubus hits you.
* * * LOW HITPOINT WARNING * * *
The worm misses you. The ufetubus closely misses you.
The ufetubus completely misses you.
It was a potion of invisibility.
You fade into invisibility!
The ufetubus barely misses you. The ufetubus hits you.
* * * LOW HITPOINT WARNING * * *
The ufetubus barely misses you. x2; The worm closely misses you.
It was a potion of haste.
You feel yourself speed up.
The ufetubus closely misses you. x2; The ufetubus misses you.
The ufetubus closely misses you. The worm bites you!
You die...

.#....###....<.# ##
......##††#..### .#
...>.###.###..## #.##
..#...#..# #...## ...####
.####....###†#..##.....$#
.......#.##.............#
....#..#..............<.#
...##..................#
...##>..$.......@w#....#
.. #...........5.## ...#
# .......r......# .##
............... $#
.......... # ..........
.......... .#.##....##


You could see a worm (can't see you), an ufetubus (can't see you) and a quokka
(wandering, can't see you).

Vanquished Creatures
  A scorpion (D:4)
  An orc priest (D:4)
  5 adders
  An ufetubus (D:4)
  6 orcs
  A ball python (D:1)
  6 bats
  9 endoplasms
  2 giant cockroaches
  4 hobgoblins
  4 quokkas
  4 frilled lizards
  2 goblins
  5 kobolds
  8 rats
59 creatures vanquished.

Vanquished Creatures (collateral kills)
  A kobold (D:1)
1 creature vanquished.

Grand Total: 60 creatures vanquished

Notes
Turn   | Place    | Note
-------+----------+-------------------------------------------
     0 | D:1      | croobank the Octopode Transmuter began the quest for the
                  | Orb.
     0 | D:1      | Reached XP level 1. HP: 13/13 MP: 3/3
   223 | D:1      | Reached XP level 2. HP: 17/18 MP: 5/5
   490 | D:1      | Found Sevor's Armour Shoppe.
   852 | D:1      | Learned a level 2 spell: Wereblood
  1017 | D:1      | Reached XP level 3. HP: 11/23 MP: 4/6
  1477 | D:2      | Reached XP level 4. HP: 29/29 MP: 7/7
  2093 | D:3      | Found a faded altar of an unknown god.
  2694 | D:3      | Noticed an ogre
  2975 | D:4      | Reached XP level 5. HP: 34/34 MP: 4/9
  2988 | D:4      | Found a hazy altar of Hepliaklqana.
  2999 | D:4      | Became a worshipper of Hepliaklqana the Forgotten
  3038 | D:4      | Slain by a worm

Illustrated notes

Levels and vault maps discovered:
D:1:      minmay_arrival_four_houses, layout_loops_cross, serial_shops,
          nicolae_diamond_shop
D:2:      layout_rooms, st_stairs_8, minmay_hedge_maze
D:3:      layout_loops_ring, ebering_ecumenical_altar_webs, minmay_checkerbox
D:4:      layout_cave_pools, lemuel_round_altar, enter_ossuary_1,
          minmay_misc_feat_encased

Skill      XL: |  1  2  3  4  5 |
---------------+----------------+-----
Fighting       | 2 |  2.5
Dodging        | 3 |  3.1
Transmutations | 3 |  3.1
Unarmed Combat | |  3.9
Spellcasting   | |  2.9

Action                   |  1- 3 |  4- 6 || total
-------------------------+-------+-------++-------
Melee: Unarmed           |    52 |    59 ||   111
       Tentacles         |    12 |    10 ||    22
       Constrict         |    18 |    17 ||    35
       Kick              |    16 |    28 ||    44
       Punch             |     1 |     3 ||     4
 Cast: Beastly Appendage |    13 |    18 ||    31
       Wereblood         |     2 |     2 ||     4
  Use: Scroll            |     1 |     7 ||     8
       Potion            |       |     4 ||     4
 Stab: Sleeping          |     6 |     2 ||     8
Armor: Skin              |     4 |     2 ||     6
Dodge: Dodged            |    30 |    70 ||   100

Table legend: (Time is in decaauts)
 A = Elapsed time spent in this place.
 B = Non-inter-level travel time spent in this place.
 C = Inter-level travel time spent in this place.
 D = Time resting spent in this place.
 E = Time spent auto-exploring this place.
 F = Levels seen in this place.
 G = Mean time per level.
                   A        B        C        D        E       F      G
               +--------+--------+--------+--------+--------+-----+--------+
         Total |   3049 |   3010 |     39 |      2 |   2417 |   4 |  762.2 |
       Dungeon |   3049 |   3010 |     39 |      2 |   2417 |   4 |  762.2 |
               +--------+--------+--------+--------+--------+-----+--------+

Top non-repeatable levels by time:
     D:1: 1221 daAuts
     D:2: 768 daAuts
     D:3: 738 daAuts
     D:4: 321 daAuts
